 Dungeon Crawl Stone Soup version 0.31-a0-102-g33a4ccc0cb (webtiles) character file.

Game seed: 5346958170901083840

21 Esekla the Sneak (level 2, -2/21 HPs)
             Began as an Octopode Delver on May 26, 2023.
             Slain by a hound (4 damage)
             ... on level 5 of the Dungeon.
             The game lasted 00:02:33 (322 turns).

Esekla the Sneak (Octopode Delver)                   Turns: 322, Time: 00:02:34

Health: -2/21      AC:  1    Str: 11    XL:     2   Next: 87%
Magic:  2/2        EV: 13    Int: 12    God:
Gold:   17         SH:  0    Dex: 13    Spells: 1/1 levels left

rFire   . . .        a - +0 falchion
rCold   . . .        (no shield)
rNeg    . . .        (helmet restricted)
rPois   .            (no amulet)
rElec   .            (no ring)
rCorr   .            (no ring)
SInv    .            (no ring)
Will    .....        (no ring)
Stlth   ++++         (no ring)
HPRegen 0.23/turn    (no ring)
MPRegen 0.08/turn    (no ring)
                     (no ring)

%: clarity
@: lethally poisoned (-2 -> -3)
A: almost no armour, amphibious, 8 rings, camouflage 1, gelatinous body 1,
(nimble swimmer 1), tentacles, clarity, wild magic 1
a: no special abilities


You were on level 5 of the Dungeon.
You visited 1 branch of the dungeon, and saw 1 of its levels.

You collected 17 gold pieces.

Inventory:

Hand Weapons
 a - a +0 falchion (weapon)
Missiles
 d - 4 boomerangs (quivered)
Wands
 f - a wand of digging (3)
Scrolls
 b - a scroll of fog
 c - a scroll of identify {unknown}
Potions
 e - a potion of haste


   Skills:
 * Level 3.2 Fighting
 * Level 2.2 Long Blades
 * Level 2.1 Dodging
 + Level 7.0 Stealth
 * Level 0.4 Spellcasting


You had one spell level left.
You didn't know any spells.
Your spell library contained the following spells:

 Spells                   Type           Power      Damage    Failure   Level
 Summon Guardian Golem    Hex/Summ       0%         N/A       77%         3
 Orb of Destruction       Conj           0%         9d5       100%        7
 Spellforged Servitor     Conj/Summ      0%         N/A       100%        7


Dungeon Overview and Level Annotations

Branches:
Dungeon (5/15)
 Temple: D:4-7

Altars:
Uskayaw


Innate Abilities, Weirdness & Mutations

You cannot wear most types of armour.
You are amphibious.
You can wear up to eight rings at the same time.
Your skin changes colour to match your surroundings (Stealth+).
Your rubbery body absorbs attacks. (AC +1, EV +1)
((You are camouflaged when in or above water. (Stealth+)))
You have tentacles for arms and can constrict up to eight enemies at once.
You possess an exceptional clarity of mind.
Your spells are a little harder to cast, but a little more powerful.


Message History

You hit the adder.
You kill the adder!
Your Stealth skill increases to level 7!
You start resting.
HP restored.
Found an emerald potion.
g - an emerald potion
As you read the scroll of fear, it crumbles to dust.
You assume a fearsome visage.
The scorpion looks frightened!
You see here 10 gold pieces.
You now have 17 gold pieces (gained 10).
Found 4 boomerangs.
Found a stone staircase leading up.
You see here 4 boomerangs.
d - 4 boomerangs An orc comes into view.
It is wielding a +0 falchion and quivering poisoned darts.
A hound comes into view.
The orc shouts!
The hound barks!
The orc throws a poisoned dart.
The poisoned dart hits you!
You are poisoned.
You feel sick.
You feel sick. The hound bites you.
It was a potion of mutation.
You feel extremely strange.
Your thoughts seem clearer.
You feel less in control of your magic.
You feel sick. The hound misses you.
You closely miss the hound. You grab the hound. You constrict the hound.
You feel sick. The hound closely misses you. x2
You hit the hound but do no damage.
You squeeze the hound, but do no damage.
You constrict the hound.
You feel sick. The hound bites you.
* * * LOW HITPOINT WARNING * * *
The hound bites you.
* * * LOW HITPOINT WARNING * * *
Okay, then.
Okay, then.
Unknown command.
You hit the hound.
The hound is moderately wounded.
You constrict the hound.
You feel sick. The hound bites you.
You die...

*,,,,,,,,,,,**
*,,*##.'#***,###
******.##****
####....#,*....# *,..*
#......#*,*#.... **#.#*
#......#,,,#.... *..*
#.....#*,..##... *#.#*
#.....#,...,*... #..*
#.....#,..,,*,,.
*#.######o.#***..,******
#.....@h..####.***
*##...#######..,* #
*#...#.## ##.### ###
*#..###..#
##....######.. *#..#*
##.# #..##.##......
***#..#* #.#
##.###....####. **,,<.#*
#.###..#####....#..
*>,*##*
#..##.##.....#....# *,**
##.##.#..####....##


You could see a hound and an orc.

Vanquished Creatures
  An adder (D:5)
  A white imp (D:5)
  An ufetubus (D:5)
3 creatures vanquished.

Notes
Turn   | Place    | Note
-------+----------+-------------------------------------------
     0 | D:5      | Esekla the Octopode Delver began the quest for the Orb.
     0 | D:5      | Reached XP level 1. HP: 16/16 MP: 1/1
     7 | D:5      | Noticed a +0 short sword
     7 | D:5      | Noticed a +0 falchion
     7 | D:5      | Noticed a +0 short sword
     7 | D:5      | Noticed a +0 falchion
     7 | D:5      | Noticed a +0 dagger
     8 | D:5      | Noticed a +0 dagger
     8 | D:5      | Noticed a +0 spear
     8 | D:5      | Noticed a +0 spear
    13 | D:5      | Found a hide-covered altar of Uskayaw.
    40 | D:5      | Noticed a scorpion
    49 | D:5      | Noticed a scorpion
   167 | D:5      | Reached XP level 2. HP: 6/21 MP: 2/2
   255 | D:5      | Reached skill level 7 in Stealth
   319 | D:5      | Gained mutation: You possess an exceptional clarity of
                  | mind. [potion of mutation]
   319 | D:5      | Gained mutation: Your spells are a little harder to cast,
                  | but a little more powerful. [potion of mutation]
   322 | D:5      | Slain by a hound

Illustrated notes

Levels and vault maps discovered:
D:5:      layout_rooms, nicolae_ashenzari_panopticon, nicolae_uskayaw_en_pointe

Skill      XL: |  1  2 |
---------------+-------+-----
Stealth        | 7 |  7.0
Fighting       | |  3.2
Long Blades    | |  2.2
Dodging        | |  2.1
Spellcasting   | |  0.4

Action                     || total
---------------------------++-------
  Melee: Falchion          ||    11
         Constrict         ||     4
         Tentacles         ||     2
    Use: Scroll            ||     2
         Potion            ||     1
   Stab: Sleeping          ||     2
 Armour: Skin              ||     1
  Dodge: Dodged            ||     9

Table legend: (Time is in decaauts)
 A = Elapsed time spent in this place.
 B = Non-inter-level travel time spent in this place.
 C = Inter-level travel time spent in this place.
 D = Time resting spent in this place.
 E = Time spent auto-exploring this place.
 F = Levels seen in this place.
 G = Mean time per level.
                   A        B        C        D        E       F      G
               +--------+--------+--------+--------+--------+-----+--------+
         Total |    324 |    324 |      0 |     90 |      0 |   1 |  324.0 |
       Dungeon |    324 |    324 |      0 |     90 |      0 |   1 |  324.0 |
               +--------+--------+--------+--------+--------+-----+--------+

Top non-repeatable levels by time:
     D:5: 324 daAuts
